 Dungeon Crawl Stone Soup version 0.20.1-1-g8b1a95d (webtiles) character file.

74 equalderp2856 the Skirmisher (level 4, -4/41 HPs)
             Began as a Minotaur Fighter on Oct 23, 2017.
             Slain by Sigmund
             ... wielding a +0 scythe
              (8 damage)
             ... on level 2 of the Dungeon.
             The game lasted 00:01:32 (1489 turns).

equalderp2856 the Skirmisher (Minotaur Fighter)     Turns: 1489, Time: 00:01:32

Health: -4/41      AC: 11    Str: 21    XL:     4   Next: 9%
Magic:  3/3        EV:  4    Int:  5    God:
Gold:   106        SH:  0    Dex: 10    Spells: 3/3 levels left

rFire    . . .     SeeInvis .   a - +0 war axe
rCold    . . .     Gourm    .   c - +0 shield
rNeg     . . .     Faith    .   p - +0 plate armour
rPois    .         Spirit   .   (helmet restricted)
rElec    .         Reflect  .   (no cloak)
rCorr    .         Harm     .   (no gloves)
MR       .....                  (no boots)
Stlth    ..........             (no amulet)
Regen    0.2/turn               (no ring)
MPRegen  0.1/turn               (no ring)

@: confused
A: retaliatory headbutt, horns 2
a: no special abilities


You were on level 2 of the Dungeon.
You were very hungry.

You visited 1 branch of the dungeon, and saw 2 of its levels.

You collected 106 gold pieces.

Inventory:

Hand Weapons
 a - a +0 war axe (weapon)
Armour
 b - a +0 scale mail
 c - a +0 shield (worn)
 p - a +0 plate armour (worn)
Jewellery
 i - an uncursed ring of positive energy {unknown}
 k - a cursed amulet of inaccuracy {unknown}
Scrolls
 e - 2 scrolls of identify {unknown}
 h - 2 scrolls of teleportation {unknown}
 j - a scroll of amnesia {unknown}
 l - 2 scrolls of immolation {unknown}
 m - a scroll of enchant armour {unknown}
 o - a scroll of magic mapping {unknown}
 r - a scroll of recharging {unknown}
Potions
 d - 2 potions of might
 n - a potion of invisibility
 q - a potion of mutation {unknown}
 s - a potion of agility {unknown}
Comestibles
 f - 3 bread rations
 g - 3 meat rations


   Skills:
 + Level 4.6 Fighting
 + Level 3.4 Axes
 + Level 4.0 Armour
 + Level 1.0 Dodging
 + Level 4.0 Shields


You had 3 spell levels left.
You didn't know any spells.

Dungeon Overview and Level Annotations

Branches:
Dungeon (2/15)

Altars:

Annotations:
D:2 Sigmund


Innate Abilities, Weirdness & Mutations

You reflexively headbutt those who attack you in melee.
You have a pair of horns on your head.


Message History

Something hits you.
You miss something. Your headbutt misses something.
You feel less confused. Something hits you.
You miss something. Something hits you but does no damage.
You closely miss something. Your headbutt misses something. Something hits you.
* * * LOW HITPOINT WARNING * * *
You slash something!
You hear some strange, mumbled words.
You are confused.
You hear some strange, mumbled words.
A puff of flame appears from out of thin air!
The puff of flame hits you!
* * * LOW HITPOINT WARNING * * *
You miss something. Something hits you.
* * * LOW HITPOINT WARNING * * *
You bump into the rock wall.
You are feeling very hungry.
You closely miss something. Your headbutt misses something. Something hits you!
You die...

#.# #.# #.# #.#
#.# #.# #.# #.#
#.# #.# #.# #.#
##.# #.# ##.# #..#
#.# #..# ##.## #.#
#.## #...# #.# #.#
###...### #@# #.#
#.......# #{# #.#
#.......# #.# #.#
##.......##### #.#
#.# ..............
..# #.#
.###....###### ###
#.# .# ###..# #.#
.# #..# #.# .#
##..############.#


There were no monsters in sight!

Vanquished Creatures
  3 adders (D:2)
  A worm (D:2)
  3 leopard geckos (D:1)
  A giant cockroach (D:1)
  6 goblins
  3 hobgoblins
  3 jackals
  2 quokkas (D:2)
  A ball python (D:1)
  6 bats
  2 frilled lizards (D:1)
  5 kobolds
  5 rats
41 creatures vanquished.

Notes
Turn   | Place    | Note
-------+----------+-------------------------------------------
     0 | D:1      | equalderp2856 the Minotaur Fighter began the quest for the Orb.
     0 | D:1      | Reached XP level 1. HP: 19/19 MP: 0/0
   151 | D:1      | Reached XP level 2. HP: 14/27 MP: 1/1
   732 | D:1      | Reached XP level 3. HP: 32/34 MP: 2/2
  1056 | D:2      | Reached skill level 1 in Dodging
  1084 | D:2      | Reached XP level 4. HP: 41/41 MP: 3/3
  1474 | D:2      | Noticed Sigmund
  1489 | D:2      | Slain by Sigmund

Skill      XL: |  1  2  3  4 |
---------------+-------------+-----
Fighting       | 4 |  4.6
Axes           | 3 |  3.4
Dodging        | 1 |  1.0
Armour         | 4 |  4.0
Shields        | 4 |  4.0

Action                   |  1- 3 |  4- 6 || total
-------------------------+-------+-------++-------
Melee: War axe           |    93 |    16 ||   109
       Headbutt          |     8 |       ||     8
  Eat: Chunk             |       |     1 ||     1
Armor: Scale mail        |    53 |       ||    53
       Plate armour      |       |     7 ||     7
Dodge: Dodged            |    41 |     4 ||    45
Block: Shield            |    49 |     5 ||    54
